 Dungeon Crawl Stone Soup version 0.22.0-6-g71bd7aa (webtiles) character file.

117 dysrexia the Chucker (level 5, 0/53 HPs)
             Began as an Ogre Hunter on Aug 14, 2018.
             Slain by a worm (11 damage)
             ... on level 3 of the Dungeon.
             The game lasted 00:09:18 (2002 turns).

dysrexia the Chucker (Ogre Hunter)                  Turns: 2002, Time: 00:09:19

Health: 0/53       AC:  4    Str: 16    XL:     5   Next: 1%
Magic:  5/5        EV: 10    Int: 17    God:
Gold:   82         SH:  0    Dex: 10    Spells: 4/4 levels left

rFire    . . .     SeeInvis .   o - +0 mace
rCold    . . .     Gourm    .   (no shield)
rNeg     . . .     Faith    .   b - +0 robe
rPois    .         Spirit   .   (helmet restricted)
rElec    .         Reflect  .   l - +0 cloak
rCorr    .         Harm     .   (gloves unavailable)
MR       .....                  (boots unavailable)
Stlth    +.........             (no amulet)
HPRegen  0.17/turn              (no ring)
MPRegen  0.09/turn              (no ring)

@: brilliant, hasted, very quick
A: large, unfitting armour, tough skin 1
a: no special abilities


You were on level 3 of the Dungeon.
You were not hungry.

You visited 1 branch of the dungeon, and saw 3 of its levels.

You collected 82 gold pieces.

Inventory:

Hand Weapons
 o - a +0 mace (weapon)
Missiles
 a - 15 poisoned needles
 d - a throwing net (quivered)
Armour
 b - a +0 robe (worn)
 l - a +0 cloak (worn)
Scrolls
 e - a scroll of magic mapping
 k - a scroll of remove curse
Potions
 i - 2 potions of brilliance
Comestibles
 f - 3 rations
 h - 4 chunks of flesh


   Skills:
 + Level 3.5 Fighting
 * Level 5.9 Throwing
 - Level 1.7 Dodging
 - Level 0.6 Stealth


You had 4 spell levels left.
You didn't know any spells.
Your spell library contained the following spells:

 Spells                   Type           Power        Failure   Level  Hunger
 Apportation              Tloc           ##....       3%          1    ##.....
 Summon Small Mammal      Summ           ##..         3%          1    ##.....
 Animate Skeleton         Necr           N/A          3%          1    ##.....
 Confusing Touch          Hex            ##....       3%          1    ##.....


Dungeon Overview and Level Annotations

Branches:
Dungeon (3/15)

Altars:
Trog

Portals:
Sewer: D:3


Innate Abilities, Weirdness & Mutations

You are too large for most types of armour.
You have tough skin. (AC +1)


Message History

You bump into the rock wall.
The adder bites you but does no damage. x2
You miss the adder.
You feel less invigorated.
You feel less confused. The adder barely misses you.
The adder bites you but does no damage. The worm closely misses you.
You miss the adder.
The adder is heavily wounded.
The adder barely misses you. x2; The adder closely misses you.
You barely miss the adder.
The adder is heavily wounded.
The adder closely misses you. The adder bites you but does no damage.
The worm bites you.
* * * LOW HITPOINT WARNING * * *
You hit the adder.
You kill the adder!
You have reached level 5!
The adder bites you.
* * * LOW HITPOINT WARNING * * *
The adder misses you. The worm bites you!
You die...

*,* *,**...*,,......,,,,,,* * *,*
*,**,..###.....),,******* *,*
*,,,,,..(..#...#.,,,,,,,, *,*
*,*,,,,....≈≈≈≈≈..,****** *,*
#)######.#≈≈≈≈≈≈≈#.* * *,*
#........≈≈≈≈≈≈≈≈≈.#* *
**,*****#######...≈≈≈∩≈≈≈...#****
*,,,,,,,.....(.S.w≈≈≈≈≈≈≈....,,,,
********########@#≈≈≈≈≈≈≈#.#*****
#...≈≈≈≈≈...# ##..#...#?.#*
##.......#* ###..#### #.##
*###*** #)# #.....* #.# #.....#
#.#


You could see a worm and an adder.

Vanquished Creatures
  5 adders
  2 oozes
  A worm (D:2)
  2 dart slugs
  A leopard gecko (D:1)
  An orc (D:3)
  A ball python (D:3)
  A giant cockroach (D:2)
  7 goblins
  5 hobgoblins
  7 kobolds
  A quokka (D:2)
  5 bats
  5 frilled lizards
  15 rats
59 creatures vanquished.

Notes
Turn   | Place    | Note
-------+----------+-------------------------------------------
     0 | D:1      | dysrexia the Ogre Hunter began the quest for the Orb.
     0 | D:1      | Reached XP level 1. HP: 22/22 MP: 1/1
   372 | D:1      | Reached XP level 2. HP: 29/29 MP: 2/2
   606 | D:1      | Reached XP level 3. HP: 36/36 MP: 3/3
   619 | D:1      | Reached skill level 5 in Throwing
   756 | D:2      | HP: 1/36 [poisoned by an adder]
  1102 | D:2      | Reached XP level 4. HP: 40/45 MP: 4/4
  1481 | D:2      | Noticed a moth of wrath
  1484 | D:2      | Found a bloodstained altar of Trog.
  1950 | D:3      | Found a glowing drain.
  1996 | D:3      | HP: 2/45 [adder (2)]
  2002 | D:3      | Reached XP level 5. HP: 12/53 MP: 5/5
  2002 | D:3      | Slain by a worm

Skill      XL: |  1  2  3 |
---------------+----------+-----
Throwing       | 5 |  5.9
Fighting       | 3 |  3.5
Dodging        | |  1.7
Stealth        | |  0.6

Action                   |  1- 3 |  4- 6 || total
-------------------------+-------+-------++-------
Melee: Short sword       |    83 |    53 ||   136
       Mace              |       |    33 ||    33
Throw: Large rock        |    21 |    11 ||    32
       Throwing net      |     2 |     1 ||     3
  Use: Potion            |     1 |     4 ||     5
       Scroll            |       |     3 ||     3
 Stab: Sleeping          |     1 |       ||     1
  Eat: Chunk             |     1 |     3 ||     4
Armor: Robe              |    32 |    59 ||    91
Dodge: Dodged            |    61 |    64 ||   125
